AoeStats
← DK_Odysseo

Arabia

508251805Analyzed
1v1 RM · 11d ago on Sep 21, 2026· 24m 5s· 2 players
Game mode
Random Map
Map size
Tiny (2 player)
Population
200
Speed
Normal
Resources
Standard
Victory
Conquest
Starting age
Dark Age
Ending age
Imperial Age
RankedLock teamsTeams togetherTeam positionsShared explorationLock speedFull tech treeHidden civsTurbo modeCheats
Victory
Defeat
🇪🇸 Mongols · Spain
1875
+8
🇧🇷 Italians · Brazil
1688
-8
DK_Odysseo
6:08 Loom
8:27 Feudal Age
8:29 Man-at-Arms
8:56 Double-Bit Axe
12:49 Fletching
16:43 Town Watch
21:18 Castle Age
19:27 Horse Collar
20:16 Gold Mining
21:20 Crossbowman
22:21 Bodkin Arrow
23:19 Padded Archer Armor
VkA | Nosferatu Zodd
6:51 Loom
9:49 Feudal Age
9:55 Man-at-Arms
15:04 Fletching
17:38 Padded Archer Armor
20:50 Double-Bit Axe
24:24 Castle Age
Connection lost

Rejoining the realm…

Still unreachable

The connection could not be restored.

Session expired

The server has moved on; the page needs a fresh start.